 Dungeon Crawl Stone Soup version 0.18.1-50-g88ac8fd (webtiles) character file.

10273 raph the Basher (level 11, -3/97 HPs)
             Began as a Hill Orc Fighter on Oct 21, 2016.
             Was an Elder of Beogh.
             Slain by an unseen horror (8 damage)
             ... on level 11 of the Dungeon.
             The game lasted 00:27:00 (12331 turns).

raph the Basher (Hill Orc Fighter)                 Turns: 12331, Time: 00:27:01

Health: -3/97      AC: 22    Str: 27    XL:     11   Next: 59%
Magic:  16/16      EV: 14    Int:  8    God:    Beogh [****..]
Gold:   523        SH: 14    Dex: 13    Spells: 0 memorised, 10 levels left

rFire  . . .     SeeInvis .     z - +4 morningstar
rCold  . . .     Gourm    .     K - +9 scale mail of the Pit {rPois Str+2 Stlth+}
rNeg   + . .     Faith    .     c - +1 shield
rPois  +         Spirit   .     (no helmet)
rElec  .         Dismiss  .     r - +1 cloak
rCorr  .         Reflect  .     (no gloves)
SustAt .         Harm     .     g - +0 pair of boots
MR     .....                    (no amulet)
Stlth  +.........               k - ring of positive energy
                                T - +3 ring of evasion

@: mighty, about to teleport, not resistant to hostile enchantments, very
unstealthy
A: no striking features
a: Smiting, Recall Orcish Followers, Renounce Religion


You were on level 11 of the Dungeon.
You worshipped Beogh.
Beogh was greatly pleased with you.
You were not hungry.

You visited 1 branch of the dungeon, and saw 11 of its levels.

You collected 523 gold pieces.

Inventory:

Hand Weapons
 a - a +1 flail
 z - a +4 morningstar (weapon)
Missiles
 H - 13 tomahawks (quivered)
Armour
 b - a +0 scale mail
 c - a +1 shield (worn)
 g - a +0 pair of boots (worn)
 h - a +0 chain mail
 r - a +1 cloak (worn)
 C - a +1 chain mail of cold resistance
 K - the +9 scale mail of the Pit (worn) {rPois Str+2 Stlth+}
   (You found it on level 8 of the Dungeon)

   It affects your strength (+2).
   It protects you from poison.
   It makes you more stealthy.
Magical Staves
 j - an uncursed staff of summoning
Jewellery
 i - an uncursed ring of fire
 k - a ring of positive energy (right hand)
 n - an uncursed ring of wizardry
 A - an uncursed ring of wizardry
 F - the cursed ring "Minkiloo" {*Corrode rPois rN+++ EV-5 Str-5, unknown}
   (You took it off a kobold on level 7 of the Dungeon)

   [ring of evasion]

   It affects your evasion (-5).
   It affects your strength (-5).
   It protects you from poison.
   It renders you almost immune to negative energy.
   It may corrode you when you take damage.
   It has a curse placed upon it.
 N - an uncursed ring of positive energy
 T - a +3 ring of evasion (left hand)
 V - a +2 ring of intelligence
 W - an uncursed ring of ice
Wands
 v - a wand of iceblast (3/15)
 y - a wand of teleportation (5/9)
 O - a wand of disintegration (20/24)
 P - a wand of flame (11/48)
 S - a wand of flame (27/48)
Scrolls
 o - 7 scrolls of teleportation
 s - 8 scrolls of remove curse
 u - a scroll of magic mapping
 w - 3 scrolls of fog
 L - 2 scrolls of recharging
 Q - a scroll of fear
 R - 2 scrolls of identify
Potions
 e - 3 potions of haste
 l - 5 potions of flight
 m - a potion of curing
 p - 4 potions of agility
 q - 8 potions of brilliance
 B - 3 potions of ambrosia
 D - a potion of resistance {unknown}
 E - a potion of lignification {unknown}
Books
 I - Sif Muna's Handbook of Companions
   (You found it on level 7 of the Dungeon)

   Spells                             Type                      Level
   a - Summon Butterflies             Summoning                    1
 M - a book of Conjurations

   Spells                             Type                      Level
   a - Magic Dart                     Conjuration                  1
   b - Searing Ray                    Conjuration                  2
   c - Dazzling Spray                 Conjuration/Hexes            3
   d - Fulminant Prism                Conjuration/Hexes            4
   e - Iskenderun's Mystic Blast      Conjuration                  4
   f - Iskenderun's Battlesphere      Conjuration/Charms           5
Miscellaneous
 X - a box of beasts
Comestibles
 f - 12 bread rations
 x - 2 meat rations
 J - 3 fruits
 U - a beef jerky


   Skills:
 + Level 9.4 Fighting
 * Level 11.1 Maces & Flails
 + Level 2.7 Throwing
 + Level 8.6 Armour
 + Level 4.1 Dodging
 + Level 8.4 Shields
 + Level 6.9 Invocations


You had 10 spell levels left.
You didn't know any spells.

Dungeon Overview and Level Annotations

Branches:
Dungeon (11/15)            Temple (0/1) D:7            Lair (0/8) D:11
    Orc (0/2) D:9

Altars:
Ashenzari
Cheibriados
Elyvilon
Fedhas
Kikubaaqudgha
Nemelex Xobeh
Qazlal
Ru
Sif Muna
Trog
Vehumet
Xom
Yredelemnul

Shops:
D:7 :   D:11 :

Annotations:
D:8 Scuka's ghost, novice TrMo


Message History

You barely miss something. Something hits you.
* * * LOW HITPOINT WARNING * * *
You block something's attack. Something hits you.
* * * LOW HITPOINT WARNING * * *
Something barely misses you. Something hits you but does no damage.
Arkwar hits something with a club.
Read which item? (? for menu, Esc to quit)
Okay, then.
Evoke which item? (* to show all) (? for menu, Esc to quit)
Zapping:
y - a wand of teleportation {recharged} (will waste charges)
Press: ? - help, Shift-Dir - straight line, f - you You feel strangely unstable.
Evoking this partially-identified wand wasted a few charges.
Something hits you but does no damage. Something hits you.
* * * LOW HITPOINT WARNING * * *
Something hits you but does no damage. You block something's attack.
Something hits you!
You die...

###..#o....###################
..#...o....#....#............#
..#........#....#............#
..#........#....#............#
..#........#....#.....♣......#
..#........#....#............#
..#........#..o.#....♣∩♣
..###########...#...#..#######
............#...@.....♣......#
.......>....#..........).....#
............#................#
......o.....#................#
##########..#########...#....#
.........#........#.....#....#
.........#...).)..#.....#....#
.........#........#.....#....#
.........#........#.....#....#


You could see the friendly Arkwar the orc knight.

Vanquished Creatures
  Fannar (D:11)
  A hill giant (D:10)
  An ugly thing (D:11)
  A cyclops (D:11)
  Joseph (D:9)
  A gargoyle (D:10)
  A centaur skeleton (D:8)
  A komodo dragon (D:11)
  A polar bear (D:9)
  2 yaks (D:10)
  Menkaure (D:6)
  A soldier ant (D:7)
  Duvessa (D:7)
  A black bear (D:6)
  3 phantoms
  3 orc warriors
  5 ice beasts
  8 ogres
  A wolf (D:9)
  6 centaurs
  A necrophage (D:9)
  2 big kobolds (D:7)
  5 giant frogs
  Dowan (D:7)
  5 scorpions
  A jelly (D:7)
  5 killer bees (D:8)
  5 wights
  5 crimson imps
  2 howler monkeys (D:11)
  5 hounds
  3 orc priests
  12 orc wizards
  4 giant frog skeletons
  Crazy Yiuf (D:3)
  2 iguanas
  5 worker ants
  A wasp simulacrum (D:9)
  A hound zombie (D:6)
  A howler monkey zombie (D:7)
  15 gnolls
  10 adders
  4 shadow imps
  2 white imps (D:9)
  3 oozes
  An adder zombie (D:7)
  An adder skeleton (D:6)
  4 worms
  2 dart slugs
  An adder simulacrum (D:9)
  7 giant geckos
  26 orcs
  8 bats
  3 giant cockroaches
  9 goblins
  6 hobgoblins
  11 jackals
  7 quokkas
  A giant gecko skeleton (D:8)
  7 giant newts
  16 kobolds
  7 rats
  A fungus (D:3)
260 creatures vanquished.

Vanquished Creatures (collateral kills)
  A hill giant (D:10)
  A manticore (D:11)
  2 polar bears (D:9)
  2 yaks (D:9)
  A hippogriff (D:11)
  A black bear (D:11)
  A phantom (D:10)
  2 orc warriors
  An ice beast (D:9)
  A centaur (D:11)
  4 wights
  A howler monkey (D:11)
  An iguana (D:9)
  A shadow imp (D:11)
  A white imp (D:9)
  A giant gecko (D:11)
  2 orcs
  A jackal (D:11)
  A plant (D:11)
26 creatures vanquished.

Vanquished Creatures (others)
  An orc priest (D:11)
  An orc wizard (D:8)
  4 orcs
  A plant (D:11)
7 creatures vanquished.

Grand Total: 293 creatures vanquished

Notes
Turn   | Place    | Note
--------------------------------------------------------------
     0 | D:1      | raph the Hill Orc Fighter began the quest for the Orb.
     0 | D:1      | Reached XP level 1. HP: 19/19 MP: 1/1
   234 | D:1      | Reached XP level 2. HP: 27/27 MP: 2/2
   731 | D:2      | Reached XP level 3. HP: 20/33 MP: 3/3
   986 | D:2      | Reached skill level 3 in Maces & Flails
  1648 | D:2      | Reached XP level 4. HP: 24/40 MP: 4/4
  2283 | D:3      | Noticed a moth of wrath
  2331 | D:3      | Noticed Crazy Yiuf
  2336 | D:3      | Paralysed by Crazy Yiuf for 5 turns
  2344 | D:3      | Killed Crazy Yiuf
  2566 | D:3      | Reached skill level 4 in Maces & Flails
  2694 | D:3      | Found a basalt altar of Yredelemnul.
  2807 | D:3      | Reached XP level 5. HP: 46/46 MP: 5/5
  3116 | D:3      | Found a white marble altar of Elyvilon.
  3193 | D:3      | Found a bloodstained altar of Trog.
  3484 | D:4      | Found a sacrificial altar of Ru.
  3485 | D:4      | Found a blossoming altar of Fedhas.
  3717 | D:4      | Reached XP level 6. HP: 53/53 MP: 6/6
  3747 | D:4      | Found a stormy altar of Qazlal.
  3756 | D:4      | Became a worshipper of Beogh the Brigand
  3775 | D:4      | Reached skill level 5 in Maces & Flails
  4323 | D:5      | Entered Level 5 of the Dungeon
  4354 | D:5      | Noticed a phantom
  4369 | D:5      | Killed a phantom
  4369 | D:5      | Reached skill level 5 in Fighting
  4379 | D:5      | Reached XP level 7. HP: 57/61 MP: 7/7
  4513 | D:5      | Reached * piety under Beogh
  4605 | D:5      | Found a sparkling altar of Nemelex Xobeh.
  4618 | D:5      | Found a shattered altar of Ashenzari.
  4655 | D:5      | You fall through a shaft for 3 floors!
  4664 | D:8      | Reached skill level 5 in Armour
  4831 | D:8      | Reached skill level 6 in Maces & Flails
  5090 | D:7      | Reached skill level 5 in Shields
  5268 | D:7      | Reached XP level 8. HP: 69/69 MP: 8/8
  5426 | D:7      | Reached skill level 7 in Maces & Flails
  5831 | D:5      | Found a shimmering altar of Xom.
  6212 | D:6      | Noticed Menkaure
  6221 | D:6      | Killed Menkaure
  6407 | D:6      | Reached skill level 1 in Invocations
  6487 | D:6      | Reached skill level 8 in Maces & Flails
  6487 | D:6      | Reached XP level 9. HP: 78/78 MP: 10/10
  6525 | D:6      | Reached skill level 1 in Dodging
  6601 | D:6      | Reached ** piety under Beogh
  6901 | D:7      | Found Ochec's Book Emporium.
  7014 | D:7      | Noticed Duvessa
  7015 | D:7      | Noticed Dowan
  7029 | D:7      | Killed Duvessa
  7070 | D:7      | Killed Dowan
  7075 | D:7      | Got a clouded pewter ring
  7284 | D:7      | Found a snail-covered altar of Cheibriados.
  7361 | D:7      | Found a staircase to the Ecumenical Temple.
  7453 | D:7      | Found a deep blue altar of Sif Muna.
  7463 | D:7      | Reached skill level 9 in Maces & Flails
  7474 | D:7      | Identified Sif Muna's Handbook of Companions
  7588 | D:7      | Found an ancient bone altar of Kikubaaqudgha.
  7664 | D:7      | Found a radiant altar of Vehumet.
  7768 | D:8      | Reached XP level 10. HP: 26/88 MP: 12/12
  8130 | D:8      | Got an encrusted scale mail
  8141 | D:8      | Identified the +9 scale mail of the Pit {rPois Str+2 Stlth+} (You found it on level 8 of the Dungeon)
  8866 | D:8      | Noticed Scuka's ghost (novice TrMo)
  9099 | D:9      | Found a staircase to the Orcish Mines.
  9127 | D:9      | Reached *** piety under Beogh
  9173 | D:10     | Entered Level 10 of the Dungeon
  9183 | D:10     | Reached skill level 5 in Invocations
  9203 | D:10     | Reached skill level 10 in Maces & Flails
  9621 | D:10     | Noticed a hill giant
  9629 | D:10     | Killed a hill giant
  9918 | D:10     | Noticed a gargoyle
  9932 | D:10     | Killed a gargoyle
  9932 | D:10     | Reached skill level 1 in Throwing
 10324 | D:10     | Noticed a hill giant
 10331 | D:10     | Killed a hill giant
 10331 | D:10     | Reached XP level 11. HP: 95/95 MP: 15/15
 10663 | D:9      | Noticed Joseph
 10677 | D:9      | Killed Joseph
 10689 | D:9      | Reached **** piety under Beogh
 11019 | D:11     | Noticed a cyclops
 11032 | D:11     | Killed a cyclops
 11194 | D:11     | Gained Arkwar as an ally
 11205 | D:11     | Noticed Fannar
 11206 | D:11     | Noticed a manticore
 11223 | D:11     | Killed Fannar
 11223 | D:11     | Reached skill level 11 in Maces & Flails
 11223 | D:11     | HP: 1/97 [manticore (9)]
 11224 | D:11     | Killed a manticore
 11640 | D:11     | Noticed a cyan ugly thing
 11648 | D:11     | Killed a cyan ugly thing
 12011 | D:11     | Found a staircase to the Lair.
 12275 | D:11     | Found Julewor's Book Emporium.
 12331 | D:11     | Slain by an unseen horror

Skill      XL: |  1  2  3  4  5  6  7  8  9 10 11 |
---------------+----------------------------------+-----
Fighting       | 4 5 6 7 8 9 |  9.4
Maces & Flails | 3 4 5 6 8 9 10 11 | 11.1
Armour         | 4 5 6 7 8 |  8.6
Shields        | 4 5 6 7 8 |  8.4
Invocations    | 1 3 5 6 |  6.9
Dodging        | 2 3 4 |  4.1
Throwing       | 1 2 |  2.7

Action                   |  1- 3 |  4- 6 |  7- 9 | 10-12 || total
-------------------------+-------+-------+-------+-------++-------
Melee: Flail             |   150 |   228 |       |       ||   378
       Morningstar       |       |    20 |   371 |   333 ||   724
Throw: Tomahawk          |       |       |       |     2 ||     2
Invok: Convert to Beogh  |       |     1 |       |       ||     1
Evoke: Wand              |       |       |       |     1 ||     1
  Use: Scroll            |     5 |     8 |     9 |     4 ||    26
       Potion            |       |       |     2 |     6 ||     8
 Stab: Distracted        |       |       |       |     1 ||     1
  Eat: Chunk             |     2 |     9 |     9 |    15 ||    35
       Pizza             |       |       |     1 |       ||     1
       Beef jerky        |       |       |     1 |       ||     1
Armor: Scale mail        |     5 |       |       |   166 ||   171
       Chain mail        |    83 |   133 |   213 |       ||   429
Dodge: Dodged            |    32 |    47 |    66 |   110 ||   255
Block: Shield            |    86 |   140 |   219 |   235 ||   680
